 Dungeon Crawl Stone Soup version 0.32-a0-818-gb728d0252e (webtiles) character file.

Game seed: 15583569355669232258

459 yadon the Chopper (level 6, 0/47 HPs)
             Began as a Demonspawn Gladiator on Mar 24, 2024.
             Was an Initiate of Okawaru.
             Splashed by a jelly's acid (11 damage)
             ... on level 4 of the Dungeon.
             The game lasted 00:07:08 (4448 turns).

yadon the Chopper (Demonspawn Gladiator)            Turns: 4448, Time: 00:07:09

Health: 0/47       AC: -5    Str: 14    XL:     6   Next: 78%
Magic:  6/6        EV: 13    Int: 15    God:    Okawaru [......]
Gold:   122        SH:  0    Dex: 22    Spells: 5/5 levels left

rFire   . . .        n - +0 hand axe (venom)
rCold   . . .        (no shield)
rNeg    . . .        b - +0 leather armour
rPois   .            c - +0 helmet
rElec   .            w - +0 cloak
rCorr   .            y - +0 pair of gloves
SInv    .            (no boots)
Will    .....        (no amulet)
Stlth   ++           m - +6 ring of intelligence
HPRegen 0.27/turn    r - +6 ring of dexterity
MPRegen 0.20/turn

%: no passive effects
@: corroded
A: magic regeneration
a: Renounce Religion


You were on level 4 of the Dungeon.
You worshipped Okawaru.
Okawaru was noncommittal.
You visited 1 branch of the dungeon, and saw 4 of its levels.
You also visited: Ossuary.

You collected 122 gold pieces.

Inventory:

Hand Weapons
 a - a +0 war axe
 n - a +0 hand axe of venom (weapon)
Missiles
 d - 3 throwing nets (quivered)
 e - a javelin
Armour
 b - a +0 leather armour (worn)
 c - a +0 helmet (worn)
 w - a +0 cloak (worn)
 y - a +0 pair of gloves (worn)
Jewellery
 m - a +6 ring of intelligence (left hand)
 r - a +6 ring of dexterity (right hand)
 s - a ring of resist corrosion
Talismans
 x - a dragon-blood talisman
Scrolls
 f - 4 scrolls of brand weapon {unknown}
 h - 3 scrolls of amnesia {unknown}
 k - 2 scrolls of revelation {unknown}
 o - 5 scrolls of identify {unknown}
 q - 2 scrolls of teleportation {unknown}
 t - a scroll of immolation {unknown}
 u - a scroll of fear {unknown}
Potions
 g - a potion of attraction {unknown}
 i - 2 potions of magic {unknown}
 j - a potion of resistance {unknown}
 l - a potion of curing {unknown}
 p - 2 potions of enlightenment {unknown}
 v - a potion of haste {unknown}
 z - a potion of ambrosia {unknown}
 A - a potion of invisibility {unknown}


   Skills:
 + Level 3.3 Fighting
 + Level 5.1 Axes
 + Level 1.7 Throwing
 + Level 2.2 Armour
 + Level 3.6 Dodging
 + Level 1.5 Stealth


You had 5 spell levels left.
You didn't know any spells.
Your spell library contained the following spells:

 Spells                   Type           Power      Damage    Failure   Level
 Shock                    Conj/Air       0%         1d3       32%         1
 Slow                     Hex            0%         N/A       32%         1
 Confusing Touch          Hex            0%         N/A       69%         3
 Swiftness                Air            0%         N/A       69%         3
 Vampiric Draining        Necr           0%         2d6       69%         3
 Airstrike                Air            0%         2d(0-16)  97%         4


Dungeon Overview and Level Annotations

Branches:
Dungeon (4/15)            Ossuary (visited)
 Temple: D:4-7

Altars:
Okawaru
Sif Muna

Annotations:
D:4 1 runed translucent door, bmj180's ghost, amateur HuCj


Innate Abilities, Weirdness & Mutations

You regenerate magic rapidly.


Message History

There is an open door here.
A bombardier beetle is nearby!
A bombardier beetle is nearby!
You hit the bombardier beetle.
The bombardier beetle is poisoned.
The bombardier beetle is lightly wounded.
You hit the bombardier beetle.
The bombardier beetle is moderately wounded.
The bombardier beetle barely misses you.
You hit the bombardier beetle but do no damage.
The bombardier beetle looks as sick as possible!
The bombardier beetle is heavily wounded.
You kill the bombardier beetle!
Okawaru accepts your kill.
You see here a bombardier beetle corpse.
You see here a bombardier beetle corpse.
There is an open door here.
As you open the door, it creaks loudly!
A jelly and a hobgoblin come into view.
The hobgoblin shouts!
You hear an angry hiss.
An iguana comes into view.
Found 21 gold pieces, a club and a scroll labelled QISIMU UDAF.
There are monsters nearby!
Found a short sword and 13 gold pieces.
Found a scroll labelled RAZIXTIYKHISO.
The hobgoblin closely misses you.
There is an open door here.
You hit the hobgoblin but do no damage.
The hobgoblin is poisoned.
You hit the jelly.
Your hands burn!
The jelly hits you. The acid corrodes you!
You are splashed with acid!
The hobgoblin closely misses you.
You closely miss the hobgoblin. You hit the jelly.
Your hands burn!
The jelly hits you.
You are splashed with acid!
The hobgoblin misses you.
The jelly jiggles.
The jelly hits you. The acid corrodes you!
You are splashed with acid!
* * * LOW HITPOINT WARNING * * *
The hobgoblin hits you.
* * * LOW HITPOINT WARNING * * *
Unknown command.
The jelly attacks as it pursues you! The jelly hits you.
* * * LOW HITPOINT WARNING * * *
The acid corrodes you!
You are splashed with acid!
You die...

####.##..##....###.#.##
.##..#....'....####...#
....##..).##..##..##..#
.######.†#####'...÷#..#
..##..#'##$?)##....#..#
..#....##.....##..##..#
..#....+.......##'##..#
.###..##..$ß...##..##.#
.####'##.....lgJ@...#.####
...##..##.....##..).#....#
####....##$)?##'#..##.##.#
#....'#####.†#####.##.#
##..##..##....##....#.#
#####....+....##.#.##.#
#.# #....##..###.####.#
#.# ##..########[# #.# #.#
##'## #..# #.#


You could see an iguana, a jelly and a hobgoblin (very poisoned).

Vanquished Creatures
  An ogre (D:4)
  A scorpion (D:4)
  A howler monkey (D:3)
  A jelly (D:4)
  A human zombie (Ossuary)
  A bombardier beetle (D:4)
  2 mummies (Ossuary)
  5 adders
  2 gnolls
  An adder zombie (Ossuary)
  2 dart slugs
  10 orcs
  6 bats
  5 endoplasms
  4 giant cockroaches
  9 hobgoblins
  10 kobolds
  7 quokkas
  4 ball pythons
  A frilled lizard (D:1)
  4 goblins
  12 rats
90 creatures vanquished.

Notes
Turn   | Place    | Note
-------+----------+-------------------------------------------
     0 | D:1      | yadon the Demonspawn Gladiator began the quest for the Orb.
     0 | D:1      | Reached XP level 1. HP: 16/16 MP: 1/1
   109 | D:1      | Reached skill level 3 in Axes
   111 | D:1      | Gained mutation: You regenerate magic rapidly. [demonic
                  | ancestry]
   111 | D:1      | Reached XP level 2. HP: 14/22 MP: 2/2
   655 | D:2      | Reached XP level 3. HP: 27/27 MP: 3/3
  1083 | D:2      | Reached skill level 1 in Armour
  1204 | D:2      | Found a faded altar of an unknown god.
  1215 | D:2      | Reached XP level 4. HP: 33/33 MP: 4/4
  1350 | D:2      | Found a shimmering blue altar of Sif Muna.
  2350 | D:3      | Reached skill level 4 in Axes
  2350 | D:3      | Reached XP level 5. HP: 30/39 MP: 5/5
  2630 | D:3      | Found an iron altar of Okawaru.
  2663 | D:3      | Became a worshipper of Warmaster Okawaru
  2821 | D:4      | Reached skill level 1 in Stealth
  3042 | D:4      | Found a sand-covered staircase.
  3055 | Ossuary  | Entered an ossuary
  3308 | Ossuary  | Reached XP level 6. HP: 5/47 MP: 6/6
  3481 | Ossuary  | Noticed Menkaure
  3892 | D:4      | Found a runed translucent door.
  3892 | D:4      | Noticed bmj180's ghost (amateur HuCj)
  4201 | D:4      | Identified the +0 mace of the Lusting Puffin {protect, rN+
                  | Dex+3}
  4217 | D:4      | Reached skill level 5 in Axes
  4448 | D:4      | Splashed by a jelly's acid

Illustrated notes

Levels and vault maps discovered:
D:1:      minmay_arrival_wavy_path, layout_rooms
D:2:      wad_river_or_something, layout_loops_corners, basic_ecumenical_altar,
          basic_altar
D:3:      layout_loops_ring, okawaru_altar_gauntlet_db
D:4:      minmay_bubble_buster, layout_loops_ring,
          hellmonk_ghost_happy_afterlife, lightli_ossuary_entry_decrepit_ruins

Skill      XL: |  1  2  3  4  5  6 |
---------------+-------------------+-----
Axes           | 3 4 5 |  5.1
Dodging        | 3 |  3.6
Armour         | 1 2 |  2.2
Stealth        | 1 |  1.5
Fighting       | 3 |  3.3
Throwing       | |  1.7

Action                     |  1- 3 |  4- 6 || total
---------------------------+-------+-------++-------
  Melee: War axe           |   108 |       ||   108
         Hand axe          |       |   191 ||   191
   Stab: Sleeping          |     2 |     7 ||     9
         Distracted        |       |     1 ||     1
 Armour: Leather armour    |    84 |   122 ||   206
  Dodge: Dodged            |    93 |   134 ||   227

Table legend: (Time is in decaauts)
 A = Elapsed time spent in this place.
 B = Non-inter-level travel time spent in this place.
 C = Inter-level travel time spent in this place.
 D = Time resting spent in this place.
 E = Time spent auto-exploring this place.
 F = Levels seen in this place.
 G = Mean time per level.
                   A        B        C        D        E       F      G
               +--------+--------+--------+--------+--------+-----+--------+
         Total |   4500 |   4338 |    162 |    451 |   2730 |   5 |  900.0 |
       Dungeon |   4037 |   3875 |    162 |    197 |   2730 |   4 | 1009.2 |
       Ossuary |    463 |    463 |      0 |    254 |      0 |   1 |  463.0 |
               +--------+--------+--------+--------+--------+-----+--------+

Top non-repeatable levels by time:
     D:2: 1277 daAuts
     D:4: 1200 daAuts
     D:3: 898 daAuts
     D:1: 660 daAuts
 Ossuary: 463 daAuts
